Map: Orbital Shipyard

Players

Emua

  • Race: Terran Terran
  • League: Platinum

SerenityNow - Winner!

  • Race: Terran Terran
  • League: Diamond

VOD

Have the link to the VOD?

Description

Time

  • Played on: Nov. 28, 2015, 7:29 p.m.
  • Length: 17:30
Show
View Real Time Build Order
Export as new Build Order

Emua Terran 

Build Orders:  

Get SALT Encoding   

  12  0:01  SCV  
  13  0:13  SCV  
  14  0:19  Supply Depot  
  14  0:25  SCV  
  15  0:29  Refinery  
  15  0:41  SCV  
  16  0:46  Barracks  
  16  0:53  SCV  
  17  1:03  Supply Depot  
  17  1:05  SCV  
  18  1:14  Barracks  
  18  1:22  SCV  
  19  1:32  Barracks  
  19  1:35  SCV  
  20  1:40  Reaper  
  21  1:59  SCV  
  22  2:03  Refinery  
  22  2:04  Reaper  
  23  2:09  Supply Depot  
  23  2:14  Reaper  
  24  2:23  Reaper  
  25  2:36  Reaper  
  26  2:48  Reaper  
  27  2:55  Orbital Command  
  27  2:58  Reaper  
  27  3:16  Reaper  
  26  3:34  Reaper x2  
  28  3:59  Reaper  
  29  4:06  Reaper  
  28  4:11  Reaper  
  25  4:40  Reaper  
  27  5:00  Barracks Reactor  
  27  5:02  Command Center, Barracks Reactor  
  23  5:18  Command Center  
  23  5:21  SCV  
  23  5:23  Barracks  
  23  5:24  Barracks  
  23  5:28  Supply Depot  
  24  5:31  Supply Depot  
  24  5:33  SCV, Factory  
  25  5:39  Marine  
  25  5:40  Marine x3  
  25  5:41  Refinery  
  25  5:42  Refinery  
  29  5:46  SCV  
  29  5:47  Barracks Tech Lab  
  30  5:58  SCV  
  31  6:05  Engineering Bay  
  31  6:14  Orbital Command  
  31  6:17  Factory Tech Lab  
  31  6:18  Barracks Tech Lab  
  31  6:19  Marine x3  
  31  6:20  Marine  
  31  6:22  Barracks Tech Lab  
  35  6:37  Marauder x2  
  39  6:44  Marine x3  
  39  6:45  Marine  
  43  6:53  Orbital Command  
  43  6:56  Siege Tank  
  43  6:57  SCV  
  43  6:58  SCV  
  48  7:09  SCV  
  48  7:14  Combat Shields, Stimpack  
  49  7:20  SCV  
  49  7:22  Marine  
  50  7:23  Marine x3  
  50  7:24  Marauder  
  56  7:31  Starport  
  56  7:39  SCV  
  56  7:40  SCV x2  
  59  7:51  SCV  
  59  7:52  SCV  
  59  7:53  Siege Tank  
  64  8:07  Terran Infantry Weapons Level 1  
  64  8:10  Starport Reactor  
  64  8:11  Engineering Bay  
  64  8:13  Marine x4  
  64  8:14  Marauder  
  64  8:15  Marauder x2  
  64  8:16  SCV  
  64  8:17  SCV x2  
  77  8:40  Terran Infantry Armor Level 1  
  77  8:41  Sensor Tower  
  77  8:44  Siege Tank  
  77  8:46  Medivac x2  
  84  8:51  Sensor Tower  
  84  8:55  SCV  
  84  8:56  Sensor Tower  
  85  9:03  Supply Depot  
  85  9:05  Supply Depot  
  85  9:06  Supply Depot  
  85  9:25  SCV x3, Medivac x2  
  85  9:30  Siege Tank  
  95  9:32  Marine x3  
  98  9:45  SCV x3, Refinery x2  
  101  9:55  Supply Depot, Medivac  
  101  9:56  Supply Depot  
  101  9:57  SCV x3  
  101  9:58  Supply Depot, Medivac  
  108  10:01  Supply Depot  
  108  10:03  Marine  
  109  10:16  SCV, Siege Tank, Marine x2  
  79  10:48  SCV  
  79  10:49  Marine  
  70  10:50  Marine x4  
  70  10:51  Marauder x2  
  70  10:55  Medivac x2  
  83  11:00  SCV  
  84  11:05  SCV  
  84  11:09  Marauder  
  87  11:12  SCV  
  87  11:16  Marine x4  
  87  11:17  Marauder  
  87  11:18  SCV, Marauder  
  97  11:24  SCV  
  98  11:30  SCV  
  99  11:36  SCV  
  99  11:37  Marine x3  
  99  11:38  Marine  
  99  11:39  Marauder x2  
  108  11:40  Siege Tank  
  111  12:04  Marine x4  
  111  12:05  Marauder  
  117  12:12  Siege Tank  
  79  12:30  SCV x3  
  79  12:33  Marine x3  
  81  12:42  SCV x3  
  84  12:44  Siege Tank  
  87  12:54  SCV x3  
  87  12:57  Factory, Barracks  
  87  12:58  Factory  
  90  13:01  Starport  
  90  13:02  Marine x2  
  90  13:03  Marine x2  
  90  13:04  Marauder x3  
  100  13:06  SCV x2  
  100  13:12  Command Center  
  102  13:13  Armory  
  102  13:16  Armory, Siege Tank  
  105  13:34  Missile Turret  
  105  13:39  Missile Turret x2  
  105  13:41  Missile Turret  
  105  13:42  SCV x2  
  105  13:44  SCV  
  105  13:45  Command Center  
  105  13:48  Missile Turret  
  108  13:52  Marine x5  
  108  13:53  Marauder, Marine  
  108  13:54  SCV x2  
  117  13:56  SCV  
  117  13:57  Factory Tech Lab  
  117  13:58  Factory Tech Lab  
  118  14:08  SCV  
  119  14:10  Marine x2  
  119  14:11  Marauder, Marine x2  
  119  14:12  Marauder  
  127  14:20  SCV  
  98  14:59  Siege Tank x2  
  80  15:38  Supply Depot  
  80  15:39  Supply Depot  
  80  15:40  Supply Depot x2  
  80  15:41  Supply Depot  
  79  16:01  Supply Depot  
  79  16:06  Barracks Reactor, Barracks x2  
  79  16:08  Barracks  
  79  16:23  Siege Tank  
  82  16:30  SCV  
  83  16:42  SCV  
  84  16:54  SCV  
  84  16:56  Command Center  
  85  17:06  SCV  
Show
View Real Time Build Order
Export as new Build Order

SerenityNow Terran - Winner!

Build Orders: Reaper Expand, Bio Tank, MMM Bio 

Get SALT Encoding   

  12  0:01  SCV  
  13  0:13  SCV  
  14  0:17  Supply Depot  
  14  0:25  SCV  
  15  0:39  SCV  
  15  0:40  Barracks  
  16  0:46  Refinery  
  16  0:51  SCV  
  17  1:03  SCV  
  18  1:16  SCV  
  19  1:30  Orbital Command  
  19  1:31  Reaper  
  20  1:45  Command Center  
  20  1:56  SCV  
  20  1:58  Refinery  
  21  2:05  Barracks Reactor  
  21  2:07  Supply Depot  
  21  2:20  SCV  
  22  2:33  SCV  
  23  2:39  Factory  
  23  2:44  Marine x2  
  23  2:45  SCV  
  26  2:57  SCV  
  27  3:03  Orbital Command  
  27  3:05  Marine x2  
  27  3:09  SCV  
  30  3:21  SCV  
  30  3:24  Factory Tech Lab  
  31  3:28  Starport  
  31  3:30  SCV  
  31  3:33  Marine x2  
  32  3:39  SCV  
  33  3:43  SCV  
  34  3:48  Cyclone  
  34  3:56  SCV x2  
  34  4:02  Marine x2  
  38  4:08  SCV  
  34  4:10  Starport Tech Lab  
  34  4:12  SCV  
  35  4:21  Marine x2  
  34  4:32  SCV x2  
  34  4:34  Raven  
  34  4:35  Siege Tank  
  40  4:48  SCV x2  
  42  4:59  Marine x2  
  44  5:00  SCV x2  
  45  5:13  SCV  
  46  5:23  Command Center  
  46  5:27  SCV, Siege Tank, Marine x2  
  52  5:33  SCV  
  53  5:39  Supply Depot  
  53  5:40  SCV, Supply Depot  
  53  5:41  Refinery  
  54  5:45  SCV, Marine  
  54  5:46  Refinery  
  54  5:49  Engineering Bay  
  56  5:52  SCV  
  56  5:54  Barracks  
  56  5:56  Barracks  
  57  5:57  SCV, Barracks  
  57  6:01  Starport Reactor  
  57  6:02  Siege Tank, Marine  
  62  6:05  SCV  
  62  6:10  SCV  
  62  6:11  Supply Depot  
  64  6:15  Supply Depot  
  64  6:17  SCV  
  65  6:18  Marine  
  65  6:22  SCV  
  65  6:23  Terran Infantry Weapons Level 1  
  67  6:29  SCV  
  67  6:30  Marine  
  69  6:34  SCV  
  69  6:36  Supply Depot  
  69  6:38  Orbital Command  
  70  6:40  Marine  
  70  6:45  Barracks Reactor  
  70  6:46  Barracks Reactor  
  71  6:48  SCV x2  
  71  6:53  Stimpack  
  73  6:55  Medivac  
  73  6:56  Medivac  
  77  7:10  Missile Turret  
  77  7:11  Missile Turret  
  77  7:12  Supply Depot, SCV x2  
  77  7:13  Missile Turret  
  77  7:14  Supply Depot  
  79  7:22  SCV  
  80  7:24  Marine  
  80  7:25  Marine x6  
  80  7:28  Orbital Command  
  87  7:34  Medivac x2  
  91  7:37  SCV x2  
  91  7:39  Siege Tank  
  91  7:42  Marine  
  97  7:44  Supply Depot  
  97  7:45  Supply Depot  
  97  7:47  Marine  
  97  7:48  Marine x3  
  97  7:49  SCV, Marine  
  103  7:51  SCV  
  103  7:56  SCV  
  105  8:01  SCV  
  105  8:03  SCV  
  105  8:04  Marine x2  
  105  8:05  Medivac, Marine  
  109  8:09  SCV  
  113  8:13  SCV  
  113  8:14  Refinery  
  113  8:18  Supply Depot  
  113  8:19  Refinery  
  114  8:20  Supply Depot  
  114  8:23  SCV, Missile Turret  
  114  8:24  SCV, Missile Turret  
  114  8:25  Missile Turret  
  114  8:27  Marine x6  
  116  8:31  Siege Tank  
  116  8:32  SCV  
  126  8:39  SCV x2  
  126  8:41  Marine  
  128  8:44  Marine  
  75  8:48  Medivac x2  
  130  8:50  SCV, Barracks  
  130  8:51  SCV  
  130  8:53  SCV, Barracks  
  137  8:58  Marine x3  
  137  8:59  Sensor Tower, Marine x3  
  137  9:02  SCV, Marine  
  145  9:10  Terran Infantry Armor Level 1  
  145  9:11  SCV x2  
  145  9:12  Missile Turret  
  145  9:16  SCV, Marine  
  149  9:18  Supply Depot, Missile Turret  
  149  9:21  Supply Depot  
  149  9:22  Combat Shields  
  149  9:33  Missile Turret  
  149  9:43  Barracks Reactor, Barracks Tech Lab  
  149  9:44  Marine x7  
  159  9:45  Siege Tank  
  159  9:46  Medivac x2  
  159  9:47  SCV x2  
  159  9:48  SCV  
  166  9:53  Command Center  
  166  10:02  Marine  
  166  10:06  Armory  
  167  10:08  Engineering Bay  
  167  10:15  Marine x7  
  167  10:19  Marine  
  175  10:28  Marine x2  
  176  10:29  Siege Tank  
  176  10:33  Marine  
  181  10:37  Marine x3  
  181  10:38  Marine  
  181  10:39  Medivac x2  
  181  10:42  Marine  
  174  10:43  Marine x2  
  174  10:45  Marine  
  174  10:46  Marine  
  174  10:49  SCV  
  167  10:50  Marine  
  167  10:54  Marine  
  167  10:55  Marine x2  
  167  10:56  Marine  
  172  11:00  Marine  
  173  11:05  Marine  
  173  11:06  Marine x3  
  173  11:08  Marine  
  178  11:11  Terran Infantry Weapons Level 2, Terran Infantry Armor Level 2  
  178  11:12  Marine  
  178  11:13  SCV x3, Marine x3, Terran Vehicle Weapons Level 1  
  178  11:15  Siege Tank  
  178  11:18  Marine  
  188  11:23  Marine  
  190  11:34  Marine, Medivac x2  
  190  11:35  Factory, Marine  
  190  11:39  Barracks  
  196  11:40  Barracks  
  196  11:54  Planetary Fortress  
  196  12:12  Marine x2  
  196  12:15  Sensor Tower, Marine  
  196  12:16  Marine x6  
  196  12:18  Marine  
  176  12:24  Siege Tank  
  176  12:29  Marine  
  177  12:30  Marine  
  177  12:33  Marine  
  177  12:34  Marine x3  
  177  12:36  Marine  
  183  12:42  Marine  
  183  12:43  Marine x2  
  186  12:47  Marine  
  186  12:48  Marine  
  188  12:51  Marine  
  188  12:52  Marine  
  188  12:56  Missile Turret  
  188  12:57  Refinery  
  188  12:58  Missile Turret  
  190  13:00  Refinery, Marine  
  190  13:01  Missile Turret  
  190  13:02  Barracks Reactor  
  190  13:03  Barracks Reactor  
  190  13:04  Siege Tank  
  194  13:10  Marine  
  194  13:11  Marine  
  196  13:23  Command Center  
  196  13:28  Command Center  
  196  13:32  Supply Depot  
  196  13:34  Supply Depot  
  196  13:44  Factory Tech Lab  
  196  13:53  Marine x4  
  200  14:15  Barracks Reactor  
  200  14:19  Marine x8  
  198  14:25  Siege Tank  
  196  14:35  Marine x4  
  191  14:55  Marine x14  
  198  15:12  Marine  
  198  15:13  Marine  
  197  15:23  Marauder, Marine  
  197  15:32  Planetary Fortress  
  197  15:46  Marine x3  
  200  16:11  Command Center  
  200  16:40  Planetary Fortress  
  200  16:45  Refinery  
  199  17:00  Marine  
  200  17:11  Refinery  
Tags
 
Add a new tag
Caveats
  • Supply blocks, unpowered buildings, or Contaminate may cause inaccurate times.
  • Supply counts are checked every 10 seconds.